 Dungeon Sprint DCSS version 0.18-b1-16-g289874d (webtiles) character file.

26362 Kidiri the Unseen (level 12, -3/61 (64) HPs)
             Began as a Spriggan Enchanter on May 1, 2016.
             Was the Champion of Dithmenos.
             Engulfed by a death drake's foul pestilence (12 damage)
             ... in the Dungeon (Sprint II: "The Violet Keep of Menkaure").
             The game lasted 00:23:29 (3734 turns).

Kidiri the Unseen (Spriggan Enchanter)              Turns: 3734, Time: 00:23:30

HP:   -3/61 (64)    AC: 12    Str:  4    XL:     12   Next: 97%
MP:   5/32          EV: 34    Int: 27    God:    Dithmenos [******]
Gold: 1797          SH: 10    Dex: 19    Spells: 11 memorised, 4 levels left

rFire  + . .     SeeInvis +     i - +1 quick blade of Kiataupy {pierce, rElec rPois Int+5}
rCold  + . .     Gourm    .     e - +2 robe {rC+ rF+}
rNeg   . . .     Faith    .     k - +2 buckler
rPois  +         Spirit   .     a - +2 hat {Int+3}
rElec  +         Dismiss  .     m - +2 cloak
rCorr  .         Reflect  .     (gloves unavailable)
SustAt .         Harm     .     (boots unavailable)
MR     +++..     NoTele   +     f - amulet of rage
Stlth  +++++++...               H - ring of Ypholis {*Confuse +Inv rElec MR+ Stlth-}
                                K - +2 ring of protection

@: lethally poisoned (-3 -> -22), very slightly contaminated, non-regenerating,
mildly diseased, slowed, wreathed by umbra, quick, extremely resistant to
hostile enchantments, extremely stealthy
A: unfitting armour, see invisible, herbivore 3, speed 3, slow metabolism 2
a: Shadow Step, Shadow Form, Renounce Religion, Evoke Berserk Rage, Evoke
Invisibility


You were in the Dungeon.
You worshipped Dithmenos.
Dithmenos was exalted by your worship.
You were full.

You visited 1 branch You collected 3431 gold pieces.
You spent 1634 gold pieces at shops.

Inventory:

Hand Weapons
 i - the +1 quick blade of Kiataupy (weapon) {pierce, rElec rPois Int+5}
   (You bought it in a shop in the Dungeon)

   It inflicts extra damage upon your enemies.
   It affects your intelligence (+5).
   It insulates you from electricity.
   It protects you from poison.
Missiles
 L - a throwing net (quivered)
Armour
 a - a +2 hat of intelligence (worn)
 e - a +2 robe of resistance (worn)
 k - a +2 buckler (worn)
 m - a +2 cloak (worn)
Jewellery
 f - an amulet of rage (around neck)
 q - the ring "Qewnoshi" {Str+4 Stlth-}
   (You found it in the Dungeon)

   [ring of loudness]

   It affects your strength (+4).
   It makes you less stealthy.
 A - an uncursed ring of resist corrosion
 D - an uncursed ring of positive energy
 H - the ring of Ypholis (right hand) {*Confuse +Inv rElec MR+ Stlth-}
   (You found it in the Dungeon)

   [ring of loudness]

   It insulates you from electricity.
   It affects your resistance to hostile enchantments.
   It lets you turn invisible.
   It may confuse you when you take damage.
   It makes you less stealthy.
 I - an uncursed ring of sustain attributes
 K - a +2 ring of protection (left hand)
Scrolls
 r - 4 scrolls of remove curse
 t - a scroll of immolation {unknown}
 v - a scroll of enchant weapon {unknown}
 w - a scroll of recharging {unknown}
 x - a scroll of fear {unknown}
 y - 3 scrolls of identify {unknown}
 G - 5 scrolls of acquirement {unknown}
Potions
 g - 2 potions of haste
 h - 10 potions of magic
 p - 3 potions of resistance {unknown}
 s - 2 potions of might {unknown}
 u - 2 potions of flight
 B - 3 potions of invisibility {unknown}
Books
 d - a book of Burglary

   Spells                             Type                      Level
   a - Swiftness                      Charms/Air                   2
   b - Passwall                       Transmutation/Earth          2
   c - Passage of Golubria            Translocation                4
   d - Lee's Rapid Deconstruction     Earth                        5
   e - Darkness                       Hexes                        6
   f - Invisibility                   Hexes                        6
Comestibles
 C - 3 slices of pizza


   Skills:
 + Level 8.0 Fighting
 * Level 14.1 Short Blades
 + Level 7.4 Armour
 * Level 18.0 Dodging
 * Level 19.4 Stealth
 + Level 6.2 Shields
 * Level 15.4 Spellcasting
 + Level 6.6 Conjurations
 + Level 11.7 Hexes
 + Level 3.6 Charms
 + Level 3.4 Translocations
 + Level 7.1 Ice Magic
 + Level 2.0 Air Magic
 * Level 3.1 Earth Magic
 - Level 3.3 Invocations


You had 4 spell levels left.
You knew the following spells:

 Your Spells              Type           Power        Failure   Level  Hunger
a - Corona                Hex            ######.      1%          1    None
b - Ensorcelled Hibernat  Hex/Ice        ######       1%          2    None
c - Confuse               Hex            ######..     1%          3    None
d - Tukima's Dance        Hex            ######..     1%          3    None
e - Dazzling Spray        Conj/Hex       ######..     1%          3    None
f - Passwall              Trmt/Erth      ####......   2%          2    None
g - Swiftness             Chrm/Air       #####...     1%          2    None
h - Passage of Golubria   Tloc           N/A          10%         4    None
i - Lee's Rapid Deconstr  Erth           #####.....   24%         5    None
j - Darkness              Hex            ######....   3%          6    ####...
k - Invisibility          Hex            ######..     3%          6    ####...


Dungeon Overview and Level Annotations

Branches:
Dungeon (1/1)

Altars:
Cheibriados
Dithmenos
Elyvilon
Fedhas
Gozag
Kikubaaqudgha
Makhleb
Nemelex Xobeh
Okawaru
Pakellas
Qazlal
Ru
Sif Muna
Trog
Vehumet
Xom
Yredelemnul
Zin
The Shining One
Beogh
Jiyva
Lugonu

Shops:
D !}:[%((!=[[:[(}?=:[:

Annotations:
D exclusion: oklob plant, Roxanne


Innate Abilities, Weirdness & Mutations

You are tiny and cannot use many weapons and most armour.
You have supernaturally acute eyesight.
You are a herbivore.
You cover ground extremely quickly.
You need consume almost no food.


Message History

Really blink into a travel-excluded area?
Splash!
As you read the scroll of blinking, it crumbles to dust.
* * * LOW HITPOINT WARNING * * *
You feel very sick. The death drake breathes miasma at you.
The foul vapour misses you.
Unknown command.
Casting: Confuse
Confirm with . or Enter, or press ? or * to list all spells.
Aiming: Lee's Rapid Deconstruction
Press: ? - help, Dir - move target cursor The wall shatters!
The blast of rock fragments hits the death drake.
The death drake is almost dead.
The blast of rock fragments hits the death drake.
The death drake is severely wounded.
You are engulfed in dark miasma.
You feel as though you will be slow longer.
You die...

##+##..#.†####.#.k#):▓(..(....▓▓)
#...##.####[.+^##.#)§▓.(.[....▓▓.
..#..#....#..#...####▓..(.....▓▓.
#.#.####..#####..##.#▓[.[.%.(.▓▓.
##'###.##..#.(+..#..#▓.(.[....▓▓.
##.##...#..#.†#..#..#▓..([.[)%▓▓.
'.<.'.#.'..####§§##)#▓[)..[[[)▓▓.
##.##.).#....###§§§##▓▓▓▓▓▓▓+▓▓▓▓
##'###.##§..§.§§@§§≈kk≈§§§§§§..≈≈
#.#.####≈§.§§.§§#+########+###.≈≈
.###.#≈§≈≈≈≈§§.§#........#≈≈≈##≈≈
#.#.##≈≈§≈≈≈≈§§≈#...._._.#≈§≈§###
##+##≈≈≈§≈§≈§≈§≈#..._._._#§≈§§§##
≈≈≈≈≈≈≈≈≈≈≈≈≈§≈≈#.._._._.#§§§§§§#
++#+++#≈≈≈§§≈§≈≈#._._._._#§§§§≈≈+
..§.§.##≈§≈###≈≈#_._._._.#§§≈§§§#
§§§§.§.##§§# #§≈#._._._..#≈§§≈§§▓


You could see 2 death drakes.

Vanquished Creatures
  A hellephant (D)
  A deep elf blademaster (D)
  Gastronok (D)
  2 sphinxes (D)
  A kraken (D)
  A draconian shifter (D)
  Nessos (D)
  A dire elephant (D)
  A crystal guardian (D)
  A great orb of eyes (D)
  Sonja (D)
  A giant orange brain (D)
  2 deep trolls (D)
  A harpy (D)
  3 orc sorcerers (D)
  3 sixfirhies (D)
  A siren (D)
  An eye of devastation (D)
  An ice statue (D)
  A yaktaur (D)
  3 polar bears (D)
  17 flying skulls (D)
  2 redbacks (D)
  2 wyverns (D)
  2 hippogriffs (D)
  Menkaure (D)
  A wasp (D)
  A swamp drake (D)
  4 necrophages (D)
  3 crocodiles (D)
  9 electric eels (D)
  A jelly (D)
  A hell rat (D)
  3 worms (D)
  2 tentacles (D)
78 creatures vanquished.

Vanquished Creatures (others)
  A flying skull (D)
  A crocodile (D)
  6 tentacles (D)
  5 tentacle segments (D)
13 creatures vanquished.

Grand Total: 91 creatures vanquished

Notes
Turn   | Place    | Note
--------------------------------------------------------------
     0 | D        | Kidiri the Spriggan Enchanter began the quest for the Orb.
     0 | D        | Reached XP level 1. HP: 9/9 MP: 5/5
     1 | D        | Noticed a necrophage
     1 | D        | Noticed a necrophage
     1 | D        | Noticed a necrophage
     1 | D        | Noticed a necrophage
     9 | D        | Killed a necrophage
     9 | D        | Reached skill level 1 in Fighting
     9 | D        | Reached skill level 1 in Armour
     9 | D        | Reached skill level 5 in Dodging
     9 | D        | Reached skill level 7 in Stealth
     9 | D        | Reached XP level 2. HP: 15/15 MP: 4/8
     9 | D        | Reached XP level 3. HP: 18/18 MP: 5/10
     9 | D        | Reached XP level 4. HP: 23/23 MP: 5/11
    15 | D        | Killed a necrophage
    15 | D        | Reached skill level 5 in Short Blades
    15 | D        | Reached skill level 8 in Stealth
    15 | D        | Reached skill level 5 in Hexes
    15 | D        | Reached XP level 5. HP: 26/26 MP: 5/14
    19 | D        | Killed a necrophage
    19 | D        | Reached skill level 9 in Stealth
    25 | D        | Killed a necrophage
    25 | D        | Reached skill level 10 in Stealth
    25 | D        | Reached XP level 6. HP: 31/31 MP: 6/17
    31 | D        | Learned a level 2 spell: Ensorcelled Hibernation
    35 | D        | Learned a level 3 spell: Confuse
    39 | D        | Learned a level 3 spell: Tukima's Dance
    43 | D        | Learned a level 3 spell: Dazzling Spray
   223 | D        | Noticed a siren
   226 | D        | Killed a siren
   226 | D        | Reached skill level 10 in Dodging
   226 | D        | Reached skill level 11 in Stealth
   226 | D        | Reached skill level 1 in Conjurations
   226 | D        | Reached skill level 1 in Ice Magic
   226 | D        | Reached XP level 7. HP: 35/35 MP: 16/20
   245 | D        | Noticed a hippogriff
   245 | D        | Noticed a hippogriff
   248 | D        | Killed a hippogriff
   256 | D        | Killed a hippogriff
   269 | D        | Noticed Roxanne
   271 | D        | Noticed Menkaure
   282 | D        | Killed Menkaure
   282 | D        | Reached skill level 12 in Stealth
   282 | D        | Reached XP level 8. HP: 23/42 MP: 5/22
   420 | D        | Noticed an ice statue
   424 | D        | Found Juxirr's Book Emporium.
   425 | D        | Found Oheuc's Magic Scroll Shoppe.
   426 | D        | Found Morememp's Antique Weapon Emporium.
   427 | D        | Found Cukh's Book Shoppe.
   433 | D        | Found Baifam's Antique Armour Shoppe.
   433 | D        | Found Guasilolou's Gadget Emporium.
   440 | D        | Found Ockicus's Distillery.
   440 | D        | Found Quemepn's Jewellery Shoppe.
   440 | D        | Found Dinokaum's Antique Weapon Emporium.
   440 | D        | Found Nouhosee's Antique Armour Shoppe.
   440 | D        | Found Ucseente's Jewellery Emporium.
   444 | D        | Found Daucra Nadghi's Food Shoppe.
   444 | D        | Found Xom Qarr's Antique Armour Emporium.
   444 | D        | Noticed a griffon
   444 | D        | Noticed a griffon
   444 | D        | Noticed a griffon
   444 | D        | Noticed an oklob plant
   445 | D        | Found Baakher's Gadget Shoppe.
   445 | D        | Found Afrodyel's Distillery.
   445 | D        | Found Coti's Book Shoppe.
   446 | D        | Noticed a slime creature
   446 | D        | Noticed a slime creature
   446 | D        | Noticed a slime creature
   450 | D        | Bought a crystal quick blade for 480 gold pieces
   450 | D        | Identified the +1 quick blade of Kiataupy {pierce, rElec rPois Int+5} (You bought it in a shop in the Dungeon)
   455 | D        | Bought a shiny buckler for 67 gold pieces
   455 | D        | Bought a runed robe for 10 gold pieces
   475 | D        | Noticed an iron elemental
   476 | D        | Bought a cloak for 135 gold pieces
   476 | D        | Bought a glowing robe for 21 gold pieces
   476 | D        | Bought an embroidered robe for 21 gold pieces
   514 | D        | Found a white marble altar of Elyvilon.
   519 | D        | Found a snail-covered altar of Cheibriados.
   520 | D        | Found an oddly glowing altar of Pakellas.
   520 | D        | Found a shadowy altar of Dithmenos.
   520 | D        | Found a deep blue altar of Sif Muna.
   520 | D        | Found a basalt altar of Yredelemnul.
   521 | D        | Found a stormy altar of Qazlal.
   521 | D        | Found a glowing golden altar of the Shining One.
   521 | D        | Found a roughly hewn altar of Beogh.
   522 | D        | Found a radiant altar of Vehumet.
   522 | D        | Found a burning altar of Makhleb.
   523 | D        | Found an ancient bone altar of Kikubaaqudgha.
   523 | D        | Found an opulent altar of Gozag.
   524 | D        | Found a bloodstained altar of Trog.
   524 | D        | Found an iron altar of Okawaru.
   525 | D        | Noticed a yaktaur
   525 | D        | Noticed a polar bear
   526 | D        | Noticed a polar bear
   526 | D        | Noticed a polar bear
   539 | D        | Killed a polar bear
   547 | D        | Killed a polar bear
   547 | D        | Reached skill level 1 in Shields
   548 | D        | Found a sparkling altar of Nemelex Xobeh.
   551 | D        | Killed a yaktaur
   551 | D        | Reached skill level 13 in Stealth
   551 | D        | Reached skill level 10 in Spellcasting
   558 | D        | Killed a polar bear
   558 | D        | Reached XP level 9. HP: 37/46 MP: 20/24
   571 | D        | Found a blossoming altar of Fedhas.
   571 | D        | Found a sacrificial altar of Ru.
   571 | D        | Found a shimmering altar of Xom.
   572 | D        | Found a viscous altar of Jiyva.
   572 | D        | Found a glowing silver altar of Zin.
   572 | D        | Found a corrupted altar of Lugonu.
   577 | D        | Became a worshipper of Dithmenos the Shadowed
   592 | D        | Reached skill level 1 in Invocations
   602 | D        | Noticed a great orb of eyes
   623 | D        | Killed a great orb of eyes
   623 | D        | Reached * piety under Dithmenos
   623 | D        | Reached skill level 5 in Fighting
   623 | D        | Reached skill level 14 in Stealth
   638 | D        | Reached skill level 10 in Short Blades
   647 | D        | Noticed a deep elf master archer
   766 | D        | Noticed a kraken
  1174 | D        | Killed a kraken
  1174 | D        | Reached ** piety under Dithmenos
  1174 | D        | Reached skill level 5 in Armour
  1174 | D        | Reached skill level 15 in Stealth
  1174 | D        | Reached XP level 10. HP: 31/51 MP: 7/26
  1358 | D        | Reached *** piety under Dithmenos
  1399 | D        | Reached **** piety under Dithmenos
  1450 | D        | Reached ***** piety under Dithmenos
  1459 | D        | Noticed a sixfirhy
  1521 | D        | Noticed a sixfirhy
  1524 | D        | Noticed a sixfirhy
  1532 | D        | Found Veiprism's Book Shoppe.
  1533 | D        | Found Foizaeg's Armour Boutique.
  1767 | D        | Found Xacloow's Armour Emporium.
  1769 | D        | Found Gazximag's Antique Weapon Shoppe.
  1771 | D        | Noticed Nessos
  1793 | D        | Killed a sixfirhy
  1793 | D        | Reached skill level 5 in Ice Magic
  1796 | D        | Killed a sixfirhy
  1796 | D        | Reached skill level 16 in Stealth
  1796 | D        | Reached XP level 11. HP: 55/55 MP: 23/28
  1836 | D        | Noticed Gastronok
  1854 | D        | Killed Gastronok
  1854 | D        | Reached skill level 15 in Dodging
  1854 | D        | Reached skill level 5 in Conjurations
  1854 | D        | Reached skill level 10 in Hexes
  1983 | D        | Noticed a dire elephant
  1983 | D        | Noticed an orc sorcerer
  1983 | D        | Noticed an orc sorcerer
  1983 | D        | Noticed an orc sorcerer
  1986 | D        | Killed a dire elephant
  1987 | D        | Killed an orc sorcerer
  1992 | D        | Killed an orc sorcerer
  1992 | D        | Reached skill level 17 in Stealth
  1998 | D        | Killed an orc sorcerer
  1998 | D        | Reached ****** piety under Dithmenos
  2017 | D        | Got a pitted brass ring
  2023 | D        | Identified the Almanac of the Icy Birds
  2037 | D        | Got a bound glass ring
  2068 | D        | Identified the ring "Qewnoshi" {Str+4 Stlth-} (You found it in the Dungeon)
  2070 | D        | Identified the ring of Ypholis {*Confuse +Inv rElec MR+ Stlth-} (You found it in the Dungeon)
  2110 | D        | Killed Nessos
  2167 | D        | Reached skill level 5 in Shields
  2200 | D        | Noticed a deep elf blademaster
  2323 | D        | Noticed a harpy
  2328 | D        | Killed a harpy
  2346 | D        | Killed a deep elf blademaster
  2346 | D        | Reached skill level 18 in Stealth
  2346 | D        | Reached XP level 12. HP: 62/62 MP: 16/31
  2516 | D        | Noticed a red draconian shifter
  2516 | D        | Noticed Sonja
  2518 | D        | Noticed a hellephant
  2519 | D        | Killed a red draconian shifter
  2524 | D        | Killed Sonja
  2540 | D        | Killed a hellephant
  2540 | D        | Reached skill level 15 in Spellcasting
  2867 | D        | Bought a book of Burglary for 900 gold pieces
  2930 | D        | Learned a level 2 spell: Passwall
  2933 | D        | Learned a level 2 spell: Swiftness
  2938 | D        | Learned a level 4 spell: Passage of Golubria
  2944 | D        | Learned a level 5 spell: Lee's Rapid Deconstruction
  2951 | D        | Learned a level 6 spell: Darkness
  2958 | D        | Learned a level 6 spell: Invisibility
  3133 | D        | Reached skill level 1 in Charms
  3133 | D        | Reached skill level 1 in Translocations
  3133 | D        | Reached skill level 1 in Earth Magic
  3156 | D        | Noticed a sphinx
  3157 | D        | Noticed a sphinx
  3159 | D        | Killed a sphinx
  3159 | D        | Reached skill level 19 in Stealth
  3159 | D        | Reached skill level 1 in Air Magic
  3160 | D        | Killed a sphinx
  3715 | D        | Noticed a crystal guardian
  3730 | D        | Killed a crystal guardian
  3734 | D        | Engulfed by a death drake's foul pestilence

Skill      XL: |  1  2  3  4  5  6  7  8  9 10 11 12 |
---------------+-------------------------------------+-----
Fighting       | 1 2 3 4 5 6 7 8 |  8.0
Short Blades   | 3 5 6 7 8 9 10 11 13 14 | 14.1
Armour         | 1 2 3 4 5 6 7 |  7.4
Dodging        | 5 7 8 10 11 13 14 16 18 | 18.0
Stealth        | 7 8 10 11 12 13 15 16 18 19 | 19.4
Spellcasting   | 4 6 7 8 9 10 11 12 14 15 | 15.4
Hexes          | 4 5 6 7 9 10 11 | 11.7
Conjurations   | 1 2 3 4 5 6 |  6.6
Ice Magic      | 1 2 3 4 5 6 7 |  7.1
Shields        | 1 3 4 5 6 |  6.2
Invocations    | 3 |  3.3
Charms         | 3 |  3.6
Translocations | 3 |  3.4
Earth Magic    | 3 |  3.1
Air Magic      | 2 |  2.0

Action                   |  1- 3 |  4- 6 |  7- 9 | 10-12 || total
-------------------------+-------+-------+-------+-------++-------
Melee: Dagger            |     4 |    20 |     4 |       ||    28
       Quick blade       |       |       |    43 |   152 ||   195
 Cast: Corona            |     1 |       |       |       ||     1
       Ensorcelled Hiber |       |     2 |     4 |     7 ||    13
       Dazzling Spray    |       |       |    11 |    29 ||    40
       Confuse           |       |       |    10 |    24 ||    34
       Lee's Rapid Decon |       |       |       |     9 ||     9
       Passage of Golubr |       |       |       |     1 ||     1
Invok: Shadow Step       |       |       |       |     9 ||     9
  Use: Potion            |     1 |       |     3 |     8 ||    12
       Scroll            |       |       |     4 |     1 ||     5
 Stab: Sleeping          |       |     4 |    10 |    25 ||    39
       Confused          |       |       |     7 |    19 ||    26
       Invisible         |       |       |     4 |     6 ||    10
  Eat: Bread ration      |       |       |       |     1 ||     1
Armor: Robe              |     1 |       |     2 |     1 ||     4
Dodge: Dodged            |     2 |     5 |    25 |    72 ||   104
Block: Buckler           |       |       |    10 |    33 ||    43
